 Dungeon Crawl Stone Soup version 0.32-a0-450-g080537f (webtiles) character file.

Game seed: 7435439172272717970

171 staltz the Ruffian (level 5, 0/37 HPs)
             Began as a Djinni Shapeshifter on Feb 23, 2024.
             Slain by a mummy (14 damage)
             ... in an ossuary.
             The game lasted 00:07:08 (3281 turns).

staltz the Ruffian (Djinni Shapeshifter)            Turns: 3281, Time: 00:07:08

Health: 0/37       AC:  5    Str: 15    XL:     5   Next: 81%
Gold:   1          EV: 11    Int: 11    God:
                   SH:  0    Dex: 13

rFire   + +          +
                       - Unarmed
rCold   . . .        (no shield)
rNeg    . . .        e - +0 ring mail
rPois   ∞            (helmet currently unavailable)
rElec   +            (cloak currently unavailable)
rCorr   +            (gloves currently unavailable)
SInv    .            (boots unavailable)
Will    +....        (no amulet)
Stlth   +            t - ring of protection from fire
HPRegen 0.26/turn    (no ring)
MPRegen 0.00/turn

%: infuse magic (-1 HP)
@: beast-form, resistant, attractive, enlightened, flying
A: beast (slay +1), flying, sickness immunity, fire resistance 2, cold
vulnerability 1, float, innate caster, HP casting, extra vitality 1
a: Begin Untransformation


You were in an ossuary.
You were a hulking beast.
You visited 1 branch of the dungeon, and saw 4 of its levels.
You also visited: Ossuary.

You collected 139 gold pieces.
You spent 138 gold pieces at shops.

Inventory:

Missiles
 p - 17 stones (quivered)
Armour
 a - a +0 animal skin
 e - a +0 ring mail (worn)
 h - the +0 pair of gloves of Qiptooxu {rPois Regen+ Str-3 SInv}
   (You found it on level 4 of the Dungeon)

   Str-3:     It affects your strength (-3).
   rPois:     It protects you from poison SInv: It lets you see invisible.
   Regen+:    It increases your rate of health regeneration.
 m - a +0 helmet
 s - a +0 pair of gloves
Magical Staves
 l - a staff of air
Jewellery
 j - a ring of ice
 n - a ring of magical power
 t - a ring of protection from fire (left hand)
Talismans
 c - a beast talisman (active)
 d - a flux talisman
Scrolls
 g - 3 scrolls of revelation
 i - a scroll of enchant armour
 r - a scroll of vulnerability
Potions
 k - 2 potions of curing
 q - 2 potions of magic


   Skills:
 + Level 1.2 Fighting
 + Level 1.7 Armour
 + Level 2.7 Dodging
 + Level 0.5 Stealth
 + Level 4.5 Unarmed Combat
 + Level 3.4 Shapeshifting


You knew the following spells:

 Your Spells              Type           Power      Damage    Failure   Level
a - Magic Dart            Conj           0%         1d3       56%         1
b - Searing Ray           Conj           0%         2d4       71%         2
Your spell library was empty.

Dungeon Overview and Level Annotations

Branches:
Dungeon (4/15)            Ossuary (1/1)
 Temple: D:4-7

Altars:

Shops:
D:4 ![??


Innate Abilities, Weirdness & Mutations

You are a hulking beast.
Your limbs bulge with bestial killing power. (Slay +1)
You are flying.
You are immune to sickness and miasma.
You are immune to poison.
Your flesh is very heat resistant. (rF++)
You are vulnerable to cold. (rC-)
You float through the air rather than walking.
You learn spells naturally, not from books.
Your magical power is your life essence.
You have superior vitality. (+4 MHP)


Message History

You closely miss the human zombie.
The human zombie is lightly damaged.
You completely miss the human zombie.
The human zombie is lightly damaged.
The human zombie hits you.
You punch the human zombie!
The human zombie is moderately damaged.
The human zombie hits you.
The human zombie is attracted toward you.
You hit the human zombie.
The human zombie is severely damaged.
You closely miss the human zombie.
The human zombie is severely damaged.
The human zombie hits you but does no damage.
You hit the human zombie but do no damage.
The human zombie is severely damaged.
The human zombie barely misses you.
You punch the human zombie!
The human zombie is almost destroyed.
The human zombie attacks as it pursues you!
The human zombie barely misses you.
You hit the human zombie but do no damage.
You punch the human zombie.
The human zombie is moderately damaged.
The human zombie attacks as it pursues you!
The human zombie completely misses you.
The human zombie is attracted toward you.
The mummy is attracted toward you.
The human zombie is attracted toward you.
The mummy is attracted toward you.
The human zombie is attracted toward you.
The mummy is attracted toward you.
The human zombie is attracted toward you.
You hit the mummy.
The mummy is lightly damaged.
The mummy hits you!
You hit the mummy.
The mummy is moderately damaged.
The mummy hits you!
You die...

.....................
.....................
....................
#...............##.
.##...............##.
..........§§.........
........§ZZZ§........
.......Z#####........
.......ZMh...........
..........∩..........
#####################


You could see a mummy and 2 human zombies.

Vanquished Creatures
  An iguana (D:4)
  A mummy (Ossuary)
  Robin (D:2)
  5 adders
  3 ribbon worms
  An orc (D:3)
  7 ball pythons
  3 endoplasms
  2 giant cockroaches (D:1)
  A gnoll zombie (Ossuary)
  19 goblins
  3 hobgoblins (D:2)
  A quokka (D:1)
  5 bats
  5 frilled lizards
  A goblin zombie (Ossuary)
  2 jackal zombies
  3 kobolds
  2 kobold zombies (Ossuary)
  An orc zombie (Ossuary)
  6 rats
  3 rat zombies (Ossuary)
76 creatures vanquished.

Notes
Turn   | Place    | Note
-------+----------+-------------------------------------------
     0 | D:1      | staltz the Djinni Shapeshifter began the quest for the Orb.
     0 | D:1      | Reached XP level 1. HP: 17/17 MP: 0/0
   170 | D:1      | Reached XP level 2. HP: 22/22 MP: 0/0
   568 | D:1      | Reached XP level 3. HP: 26/27 MP: 0/0
   568 | D:1      | Learned a level 1 spell: Magic Dart
  1045 | D:2      | Reached XP level 4. HP: 32/32 MP: 0/0
  1197 | D:2      | Noticed Robin
  1242 | D:2      | Reached skill level 4 in Unarmed Combat
  1246 | D:2      | Killed Robin
  1353 | D:2      | Reached skill level 1 in Armour
  1775 | D:3      | Reached XP level 5. HP: 37/37 MP: 0/0
  1775 | D:3      | Learned a level 2 spell: Searing Ray
  2295 | D:3      | Noticed an ogre
  2918 | D:4      | Found Yzuraidd's Magic Scroll Shop.
  2918 | D:4      | Found Nutz's Magic Scroll Shop.
  2918 | D:4      | Found Hoschutta's Armour Shop.
  2920 | D:4      | Bought a scroll of identify for 24 gold pieces
  2920 | D:4      | Bought a scroll of identify for 24 gold pieces
  2920 | D:4      | Bought a scroll of enchant armour for 90 gold pieces
  3080 | D:4      | Found Voruraro's Distillery.
  3101 | D:4      | Identified the +0 pair of gloves of Qiptooxu {rPois Regen+
                  | Str-3 SInv}
  3192 | D:4      | Found a sand-covered staircase.
  3201 | Ossuary  | Entered an ossuary
  3281 | Ossuary  | Slain by a mummy

Illustrated notes

Levels and vault maps discovered:
D:1:      dpeg_arrival_boxorama, layout_basic
D:2:      layout_rooms, basic_altar, uniq_robin
D:3:      layout_loops_corners, minmay_misc_feat_encased,
          kennysheep_big_empty_room
D:4:      layout_cave_pods, gammafunk_temple_overflow_claw, enter_ossuary_3,
          serial_shops, nicolae_stop_n_shop_1,
          nicolae_shop_distant_corner_stores, corner_web_ring,
          minmay_misc_feat_nine_boxes, uniq_natasha
Ossuary:  ossuary_minmay_tomb_2a

Skill      XL: |  1  2  3  4 |
---------------+-------------+-----
Shapeshifting  | 3 |  3.4
Unarmed Combat | 4 |  4.5
Armour         | 1 |  1.7
Fighting       | |  1.2
Dodging        | |  2.7
Stealth        | |  0.5

Action                     |  1- 3 |  4- 6 || total
---------------------------+-------+-------++-------
  Melee: Unarmed           |    71 |   168 ||   239
         Punch             |     3 |     1 ||     4
    Use: Scroll            |       |     8 ||     8
         Potion            |       |     4 ||     4
 Armour: Ring mail         |    24 |    86 ||   110
         Skin              |       |    62 ||    62
  Dodge: Dodged            |    38 |   104 ||   142

Table legend: (Time is in decaauts)
 A = Elapsed time spent in this place.
 B = Non-inter-level travel time spent in this place.
 C = Inter-level travel time spent in this place.
 D = Time resting spent in this place.
 E = Time spent auto-exploring this place.
 F = Levels seen in this place.
 G = Mean time per level.
                   A        B        C        D        E       F      G
               +--------+--------+--------+--------+--------+-----+--------+
         Total |   3266 |   2942 |    324 |    215 |   1883 |   5 |  653.2 |
       Dungeon |   3190 |   2866 |    324 |    215 |   1883 |   4 |  797.5 |
       Ossuary |     75 |     75 |      0 |      0 |      0 |   1 |   75.0 |
               +--------+--------+--------+--------+--------+-----+--------+

Top non-repeatable levels by time:
     D:3: 1463 daAuts
     D:1: 932 daAuts
     D:2: 658 daAuts
     D:4: 136 daAuts
 Ossuary: 75 daAuts
